 Dungeon Sprint DCSS version 0.24-a0-309-g1095bcad4c (webtiles) character file.

Game seed: 15237331920116774578

11900000 Hercules1031 the Conqueror (level 27, -3/323 HPs)
             Began as an Ogre Warper on May 14, 2019.
             Was the Champion of Makhleb.
             Slain by an eight-headed meat hydra (18 damage)
             ... in the Dungeon (Sprint VIII: "Arena of Blood").
             The game lasted 00:08:02 (119 turns).

Hercules1031 the Conqueror (Ogre Warper)             Turns: 119, Time: 00:08:03

Health: -3/323     AC:  5    Str: 23    XL:     27
Magic:  32/54      EV: 30    Int: 14    God:    Makhleb [******]
Gold:   0          SH:  0    Dex: 17    Spells: 80/80 levels left

rFire    + . .     SeeInvis .   c - +∞ Axe of Woe
rCold    . . .     Gourm    .   (shield currently unavailable)
rNeg     . . .     Faith    .   b - +0 robe
rPois    .         Spirit   .   (helmet restricted)
rElec    .         Reflect  .   (no cloak)
rCorr    .         Harm     .   (gloves unavailable)
MR       ++...     NoTele   +   (boots unavailable)
Stlth    +++++++++.             (no amulet)
HPRegen  0.63/turn              d - ring of protection from fire
MPRegen  0.34/turn              (no ring)

@: lethally poisoned (-3 -> -26), marked, hasted, very quick
A: large, unfitting armour, tough skin 1
a: Minor Destruction, Lesser Servant of Makhleb, Major Destruction, Greater
Servant of Makhleb, Renounce Religion


You were in the Dungeon.
You worshipped Makhleb.
Makhleb was exalted by your worship.
You were not hungry.

You visited 1 branch

Inventory:

Hand Weapons
 a - a +0 hand axe
 c - the +∞ Axe of Woe (weapon)
   (You found it in the Dungeon)
Missiles
 e - 5 boomerangs of dispersal (quivered)
Armour
 b - a +0 robe (worn)
Jewellery
 d - a ring of protection from fire (left hand)
Potions
 j - 2 potions of magic
 k - a potion of berserk rage
Comestibles
 f - a ration


   Skills:
 O Level 27 Fighting
 O Level 27 Axes
 O Level 27 Throwing
 O Level 27 Armour
 O Level 27 Dodging
 O Level 27 Stealth
 O Level 27 Unarmed Combat
 O Level 27 Spellcasting
   Level 2.6 Translocations
 O Level 27 Invocations


You had 80 spell levels left.
You didn't know any spells.
Your spell library contained the following spells:

 Spells                   Type           Power        Failure   Level  Hunger
 Blink                    Tloc           N/A          1%          2    None
 Shroud of Golubria       Chrm/Tloc      ###.......   1%          2    None
 Gell's Gravitas          Tloc           ####......   1%          3    None
 Lesser Beckoning         Tloc           ####......   1%          3    None
 Teleport Other           Tloc           ####....     1%          3    None
 Passage of Golubria      Tloc           N/A          6%          4    None


Dungeon Overview and Level Annotations

Branches:
Dungeon (1/1)

Altars:
Makhleb

Annotations:
D The Captor


Innate Abilities, Weirdness & Mutations

You are too large for most types of armour.
You have tough skin. (AC +1)


Message History

The eight-headed meat hydra convulses!
The scourge convulses!
The eight-headed meat hydra calls on the powers of darkness!
The eight-headed meat hydra convulses!
The bag of meat convulses!
The Captor convulses!
The meat berserker convulses!
The scourge convulses!
The eight-headed meat hydra convulses!
Your body is wracked with pain!
* * * LOW HITPOINT WARNING * * *
You hear a shout! x2
The bag of meat moves out of view.
Unknown command.
Unknown command.
Unknown command.
Unknown command.
You are engulfed in poison gas.
You are lethally poisoned!
* * * LOW HITPOINT WARNING * * *
x2 You feel very sick.
You hear a shout!
The Captor mumbles some strange words.
The Captor seems to speed up.
The eight-headed meat hydra bites you!!
You die...

#%...o...2O..#.... #... ..#
#......oMo#......###... ..#
#....#..oo.X..........###...
#))))##..{OX..#........_....
#))))%#O{LD.#.......#.....#
#)))).)###○X........#_.<._#
#))..S##.○○○#.......#.....#.
#))).#○☼○§°○..#.....§.._....
#..%)#)☼°§○@D....S....###...
#..))).°☼☼○○.....###...o ..#
#%%.)))L.☼☼○.......#.......#
#..%.....%☼S.W.....#o......#
#.....%..%#.%.O.............
#........#%#.#..o..o........
#.........#.#....D..........
#..###...#.#.#.@... #..
#...#.


You could see an accursed, a tentacled monstrosity, 2 tyrants, 3 eight-headed
meat hydras, 3 scourges, a large bag of meat (inner flame), 2 large
abominations, a dread, The Captor, a meat berserker (berserk) and 5 bags of
meat.

Vanquished Creatures
  4 hell beasts (D)
  Edmund (D)
  7 greater mummies (D)
  3 great orbs of eyes (D)
  2 wraiths (D)
  12 vampire knights (D)
  28 ogres (D)
  6 two-headed ogres (D)
  5 liches (D)
  A hydra (D)
  56 orcs (D)
  3 phantoms (D)
  6 skeletal warriors (D)
  3 large abominations (D)
  5 small abominations (D)
  5 crawling corpses (D)
147 creatures vanquished.

Vanquished Creatures (collateral kills)
  An orc (D)
1 creature vanquished.

Vanquished Creatures (others)
  A crawling corpse (D)
1 creature vanquished.

Grand Total: 149 creatures vanquished

Notes
Turn   | Place    | Note
-------+----------+-------------------------------------------
     0 | D        | Found the +∞ Axe of Woe
     0 | D        | Hercules1031 the Ogre Warper began the quest for the Orb.
     0 | D        | Reached XP level 1. HP: 22/22 MP: 3/3
     4 | D        | Became a worshipper of Makhleb the Destroyer
     5 | D        | Noticed a bag of meat
     6 | D        | Noticed a bag of meat
     6 | D        | Noticed a bag of meat
     8 | D        | Noticed a meat berserker
     8 | D        | Noticed a bag of meat
     8 | D        | Noticed a meat berserker
     8 | D        | Noticed a bag of meat
     8 | D        | Noticed a bag of meat
     9 | D        | Noticed a bag of meat
     9 | D        | Noticed a bag of meat
     9 | D        | Noticed a bag of meat
     9 | D        | Noticed a bag of meat
     9 | D        | Noticed a bag of meat
     9 | D        | Noticed a bag of meat
     9 | D        | Noticed a bag of meat
     9 | D        | Noticed a bag of meat
     9 | D        | Noticed a destroyer
     9 | D        | Noticed a bag of meat
     9 | D        | Noticed a bag of meat
     9 | D        | Noticed a bag of meat
     9 | D        | Noticed a bag of meat
     9 | D        | Noticed a large bag of meat
     9 | D        | Noticed a bag of meat
     9 | D        | Noticed a meat berserker
     9 | D        | Noticed a bag of meat
     9 | D        | Noticed a meat berserker
     9 | D        | Noticed a bag of meat
     9 | D        | Noticed a bag of meat
     9 | D        | Noticed a bag of meat
     9 | D        | Noticed a bag of meat
    10 | D        | Killed a meat berserker
    10 | D        | Reached skill level 15 in Axes
    10 | D        | Reached XP level 2. HP: 63/63 MP: 3/21
    10 | D        | Reached XP level 3. HP: 71/71 MP: 3/22
    10 | D        | Reached XP level 4. HP: 81/81 MP: 3/24
    10 | D        | Reached XP level 5. HP: 89/89 MP: 3/25
    10 | D        | Reached XP level 6. HP: 98/98 MP: 3/27
    10 | D        | Reached XP level 7. HP: 107/107 MP: 3/28
    10 | D        | Reached XP level 8. HP: 117/117 MP: 3/30
    10 | D        | Reached XP level 9. HP: 124/124 MP: 3/31
    10 | D        | Reached XP level 10. HP: 135/135 MP: 3/32
    10 | D        | Reached XP level 11. HP: 143/143 MP: 3/33
    10 | D        | Reached XP level 12. HP: 152/152 MP: 3/34
    10 | D        | Reached XP level 13. HP: 161/161 MP: 3/35
    10 | D        | Killed a bag of meat
    10 | D        | Reached * piety under Makhleb
    10 | D        | Reached XP level 14. HP: 175/175 MP: 3/37
    10 | D        | Noticed a meat berserker
    10 | D        | Noticed a meat berserker
    11 | D        | Killed a meat berserker
    11 | D        | Reached XP level 15. HP: 26/192 MP: 3/40
    11 | D        | Reached ** piety under Makhleb
    11 | D        | Reached XP level 16. HP: 28/209 MP: 3/43
    12 | D        | Reached *** piety under Makhleb
    12 | D        | Reached skill level 27 in Fighting
    12 | D        | Reached XP level 17. HP: 127/226 MP: 3/46
    12 | D        | Reached skill level 27 in Spellcasting
    12 | D        | Killed a meat berserker
    12 | D        | Reached **** piety under Makhleb
    12 | D        | Reached skill level 27 in Axes
    12 | D        | Reached skill level 27 in Dodging
    12 | D        | Reached XP level 18. HP: 231/236 MP: 3/49
    12 | D        | Killed a meat berserker
    13 | D        | Reached XP level 19. HP: 245/245 MP: 4/50
    13 | D        | Reached skill level 27 in Throwing
    13 | D        | Reached ***** piety under Makhleb
    13 | D        | Reached skill level 10 in Invocations
    14 | D        | Killed a large bag of meat
    15 | D        | Reached XP level 20. HP: 256/256 MP: 4/51
    15 | D        | Reached skill level 15 in Unarmed Combat
    15 | D        | Killed a meat berserker
    16 | D        | Killed a destroyer
    16 | D        | Reached XP level 21. HP: 248/265 MP: 4/52
    16 | D        | Noticed a meat berserker
    17 | D        | Reached ****** piety under Makhleb
    17 | D        | Killed a meat berserker
    17 | D        | Reached XP level 22. HP: 275/275 MP: 4/53
    17 | D        | Noticed a large bag of meat
    18 | D        | Reached skill level 27 in Invocations
    19 | D        | Noticed a destroyer
    19 | D        | Killed a destroyer
    19 | D        | Reached skill level 27 in Stealth
    19 | D        | Reached XP level 23. HP: 284/284 MP: 5/54
    19 | D        | Reached skill level 27 in Unarmed Combat
    20 | D        | Reached skill level 27 in Armour
    23 | D        | Noticed a large bag of meat
    23 | D        | Reached XP level 24. HP: 295/295 MP: 6/54
    23 | D        | Killed a large bag of meat
    23 | D        | Noticed a large bag of meat
    25 | D        | Noticed a destroyer
    26 | D        | Reached XP level 25. HP: 304/304 MP: 7/54
    27 | D        | Killed a large bag of meat
    30 | D        | Reached XP level 26. HP: 314/314 MP: 8/54
    33 | D        | Killed a destroyer
    34 | D        | Reached XP level 27. HP: 323/323 MP: 9/54
    43 | D        | Killed a large bag of meat
    47 | D        | Noticed a tyrant
    48 | D        | Noticed a destroyer
    49 | D        | Noticed a tyrant
    51 | D        | Noticed an accursed
    53 | D        | Killed a tyrant
    54 | D        | Noticed a destroyer
    55 | D        | Killed a destroyer
    56 | D        | Noticed a tyrant
    56 | D        | Noticed a destroyer
    58 | D        | Killed a tyrant
    58 | D        | Noticed a large bag of meat
    60 | D        | Noticed a meat beast
    61 | D        | Killed a meat beast
    61 | D        | Killed a destroyer
    61 | D        | Noticed a destroyer
    62 | D        | Killed an accursed
    63 | D        | Killed a destroyer
    64 | D        | Noticed a large bag of meat
    65 | D        | Killed a destroyer
    65 | D        | Noticed a destroyer
    66 | D        | Noticed an accursed
    67 | D        | Noticed a dread
    67 | D        | Killed a tyrant
    67 | D        | Noticed an accursed
    69 | D        | Killed a destroyer
    69 | D        | Noticed a destroyer
    70 | D        | Noticed a dread
    70 | D        | Noticed a destroyer
    70 | D        | Noticed a tyrant
    72 | D        | Noticed a meat beast
    72 | D        | Killed a destroyer
    72 | D        | Noticed an accursed
    73 | D        | Killed a destroyer
    73 | D        | Noticed a destroyer
    74 | D        | Killed a dread
    74 | D        | Killed a meat beast
    74 | D        | Noticed an accursed
    75 | D        | Noticed an accursed
    77 | D        | Killed a large bag of meat
    78 | D        | Killed a large bag of meat
    78 | D        | Killed a dread
    79 | D        | Killed a destroyer
    81 | D        | Noticed a meat beast
    82 | D        | Killed an accursed
    83 | D        | Killed a tyrant
    85 | D        | Noticed a destroyer
    86 | D        | Killed a meat beast
    86 | D        | Killed a destroyer
    88 | D        | Killed an accursed
    90 | D        | Killed an accursed
    91 | D        | Killed an accursed
    94 | D        | Killed an accursed
    94 | D        | Noticed a meat beast
    98 | D        | Killed a meat beast
    99 | D        | Noticed The Defiler
    99 | D        | Noticed a tyrant
   103 | D        | Noticed a meat beast
   105 | D        | Noticed a large bag of meat
   105 | D        | Noticed a tyrant
   106 | D        | Noticed an accursed
   109 | D        | Killed a tyrant
   110 | D        | Noticed a tyrant
   111 | D        | Killed The Defiler
   113 | D        | Killed an accursed
   114 | D        | Noticed a dread
   115 | D        | Noticed The Captor
   118 | D        | Noticed an accursed
   119 | D        | HP: 15/323 [poisoned by a scourge (poison gas)]
   119 | D        | Slain by an eight-headed meat hydra

Levels and vault maps discovered:
D:        meatsprint

Skill      XL: |  1  2  3  4  5  6  7  8  9 10 11 12 13 14 15 16 17 18 19 20 21 22 23 |
---------------+----------------------------------------------------------------------+-----
Fighting       | 18 20 22 24 27 | 27.0
Axes           | 15 17 19 20 23 27 | 27.0
Throwing       | 6 7 8 9 16 26 27 | 27.0
Dodging        | 17 18 20 22 24 27 | 27.0
Spellcasting   | 18 19 21 23 25 27 | 27.0
Armour         | 13 18 21 24 27 | 27.0
Stealth        | 13 18 21 27 | 27.0
Unarmed Combat | 14 19 23 26 27 | 27.0
Invocations    | 16 22 26 27 | 27.0
Translocations | |  2.6

Action                   |  1- 3 |  4- 6 |  7- 9 | 10-12 | 13-15 | 16-18 | 19-21 | 22-24 | 25-27 || total
-------------------------+-------+-------+-------+-------+-------+-------+-------+-------+-------++-------
Melee: Executioner's axe |     1 |       |       |       |     1 |     2 |     4 |     7 |    61 ||    76
Invok: Greater Servant o |       |       |       |       |       |       |       |       |     3 ||     3
  Use: Scroll            |     2 |       |       |       |       |       |       |       |       ||     2
       Potion            |       |       |       |       |       |       |       |       |     3 ||     3
 Stab: Distracted        |       |       |       |       |       |       |       |     1 |     1 ||     2
Armor: Robe              |       |       |       |       |       |       |       |       |     3 ||     3
Dodge: Dodged            |       |       |       |       |       |       |     1 |       |     9 ||    10

Table legend:
 A = Non-vault XP
 B = Vault XP
 C = Vault XP percentage of total XP
 D = Non-vault monster count
 E = Vault monster count
 F = Vault count percentage of total count
                 A         B        C        D         E       F
            +---------+---------+-------+---------+---------+-------
      Total | 3244862 | 1371747 |  29.7 |      79 |      64 |  44.8
            +---------+---------+-------+---------+---------+-------
          D | 3244862 | 1371747 |  29.7 |      79 |      64 |  44.8
            +---------+---------+-------+---------+---------+-------
